 Dungeon Crawl Stone Soup version 0.23-a0-582-g1b4a0ca (webtiles) character file.

130 kr3s1m1r the Firebug (level 4, -10/24 HPs)
             Began as a Deep Elf Fire Elementalist on Dec 16, 2018.
             Mangled by Sigmund
             ... wielding a +0 scythe
              (15 damage)
             ... on level 2 of the Dungeon.
             The game lasted 00:04:28 (1684 turns).

kr3s1m1r the Firebug (Deep Elf Fire Elementalist)   Turns: 1684, Time: 00:04:29

Health: -10/24     AC:  2    Str:  5    XL:     4   Next: 90%
Magic:  2/11       EV: 13    Int: 21    God:
Gold:   115        SH:  0    Dex: 15    Spells: 2/10 levels left

rFire    . . .     SeeInvis .   (no weapon)
rCold    . . .     Gourm    .   (no shield)
rNeg     . . .     Faith    .   a - +0 robe
rPois    .         Spirit   .   (no helmet)
rElec    .         Reflect  .   (no cloak)
rCorr    .         Harm     .   (no gloves)
MR       .....                  (no boots)
Stlth    ++........             (no amulet)
HPRegen  0.08/turn              (no ring)
MPRegen  0.12/turn              (no ring)

@: very slightly contaminated
A: no striking features
a: no special abilities


You were on level 2 of the Dungeon.
You were hungry.

You visited 1 branch of the dungeon, and saw 2 of its levels.

You collected 115 gold pieces.

Inventory:

Armour
 a - a +0 robe (worn)
 j - a +0 pair of boots
Scrolls
 d - a scroll of immolation {unknown}
 f - 3 scrolls of identify {unknown}
 g - a scroll of enchant armour {unknown}
Potions
 e - a potion of invisibility {unknown}
 h - a potion of berserk rage {unknown}
 i - a potion of cancellation {unknown}
Comestibles
 b - 2 chunks of flesh
 c - 4 rations


   Skills:
 + Level 3.3 Dodging
 - Level 3.0 Stealth
 + Level 3.9 Spellcasting
 * Level 2.8 Conjurations
 * Level 4.3 Fire Magic


You had 2 spell levels left.
You knew the following spells:

 Your Spells              Type           Power        Failure   Level  Hunger
h - Sticky Flame          Conj/Fire      ###.....     26%         4    ####...
r - Conjure Flame         Conj/Fire      ###.....     9%          3    ###....
z - Flame Tongue          Conj/Fire      ###..        2%          1    None

Your spell library contained the following spells:

 Spells                   Type           Power        Failure   Level  Hunger
 Throw Flame              Conj/Fire      ###...       4%          2    #......
 Inner Flame              Hex/Fire       ##......     14%         3    ###....
 Fireball                 Conj/Fire      ###.......   58%         5    ######.


Dungeon Overview and Level Annotations

Branches:
Dungeon (2/15)

Altars:

Annotations:
D:2 Sigmund


Message History

Confirm with . or Enter, or press ? or * to list all spells.
Aiming: Sticky Flame (quite dangerous; 26% risk of failure)
Press: ? - help, Shift-Dir - straight line, f/p - Sigmund
Aim: Sigmund, wielding a +0 scythe and wearing a +0 robe The sticky flame hits Sigmund.
Sigmund is lightly wounded.
Sigmund is covered in liquid flames!
You are feeling hungry.
Sigmund burns!
Casting: Sticky Flame (quite dangerous; 26% risk of failure)
Confirm with . or Enter, or press ? or * to list all spells.
Aiming: Flame Tongue (safe; 2% risk of failure)
Press: ? - help, Shift-Dir - straight line, f/p - Sigmund
Aim: Sigmund, wielding a +0 scythe and wearing a +0 robe (moderately wounded, The flame tongue hits Sigmund.
Sigmund appears unharmed.
Sigmund is moderately wounded.
* * * LOW MAGIC WARNING * * *
Sigmund burns!
Sigmund hits you with a +0 scythe!
Ouch! That really hurt!
You die...

................
................
.#######...#####
#...# #...#
###...###
#.......#
#.#...#.#####
#.##....@...#
>.....#@###.#
##.<##.#.# #
#.........#
..........@.
.##.##.#####..
... #. .# ## (.
#


You could see Sigmund (burning).

Vanquished Creatures
  An ogre (D:1)
  An adder (D:2)
  4 dart slugs (D:1)
  A leopard gecko (D:1)
  6 bats (D:1)
  5 giant cockroaches
  A goblin (D:1)
  2 hobgoblins (D:1)
  2 jackals (D:1)
  3 frilled lizards
  2 kobolds
  4 rats (D:1)
32 creatures vanquished.

Notes
Turn   | Place    | Note
-------+----------+-------------------------------------------
     0 | D:1      | kr3s1m1r the Deep Elf Fire Elementalist began the quest for
                  | the Orb.
     0 | D:1      | Reached XP level 1. HP: 10/10 MP: 6/6
   289 | D:1      | Reached XP level 2. HP: 15/15 MP: 5/8
   941 | D:1      | Reached XP level 3. HP: 19/19 MP: 5/9
   946 | D:1      | Learned a level 3 spell: Conjure Flame
  1387 | D:2      | Noticed an ogre
  1447 | D:1      | Killed an ogre
  1447 | D:1      | Reached skill level 4 in Fire Magic
  1447 | D:1      | Reached XP level 4. HP: 16/24 MP: 2/11
  1522 | D:1      | Learned a level 4 spell: Sticky Flame
  1675 | D:2      | Noticed Sigmund
  1684 | D:2      | Mangled by Sigmund

Vault maps used:
D:1:      onia_arrival_mini_spirals, minmay_octomino_e4
D:2:      chequers_ecumenical_altar_simple, first_ration, uniq_sigmund

Skill      XL: |  1  2  3 |
---------------+----------+-----
Stealth        | 3 |  3.0
Dodging        | 3 |  3.3
Conjurations   | 2 |  2.8
Fire Magic     | 4 |  4.3
Spellcasting   | |  3.9

Action                   |  1- 3 |  4- 6 || total
-------------------------+-------+-------++-------
 Cast: Flame Tongue      |    58 |     6 ||    64
       Conjure Flame     |     1 |       ||     1
       Sticky Flame      |       |     1 ||     1
  Eat: Chunk             |     1 |     1 ||     2
Armor: Robe              |     3 |       ||     3
Dodge: Dodged            |    12 |     3 ||    15

Table legend:
 A = Non-vault XP
 B = Vault XP
 C = Vault XP percentage of total XP
 D = Non-vault monster count
 E = Vault monster count
 F = Vault count percentage of total count
                 A         B        C        D         E       F
            +---------+---------+-------+---------+---------+-------
      Total |     182 |       5 |   2.7 |      28 |       4 |  12.5
            +---------+---------+-------+---------+---------+-------
        D:1 |     160 |       5 |   3.0 |      22 |       4 |  15.4
        D:2 |      22 |       0 |   0.0 |       6 |       0 |   0.0
            +---------+---------+-------+---------+---------+-------
